 Dungeon Crawl Stone Soup version 0.26-b1-32-g5d43845318 (webtiles) character file.

Game seed: 3118088664381897811

58 Anon1729 the Ruffian (level 3, 0/28 HPs)
             Began as a Draconian Transmuter on Jan 5, 2021.
             Succumbed to an adder's poison
             ... on level 2 of the Dungeon.
             The game lasted 00:02:11 (1953 turns).

Anon1729 the Ruffian (Draconian Transmuter)         Turns: 1953, Time: 00:02:12

Health: 0/28       AC:  5    Str: 10 (12) XL:     3   Next: 75%
Magic:  6/6        EV: 12    Int: 12 (14) God:
Gold:   95         SH:  0    Dex:  9 (11) Spells: 0/6 levels left

rFire    . . .     SeeInvis .     - Unarmed
rCold    . . .     Faith    .   (no shield)
rNeg     . . .     Spirit   .   (armour unavailable)
rPois    .         Reflect  .   (helmet restricted)
rElec    .         Harm     .   (no cloak)
rCorr    .         Rampage  .   (no gloves)
Will     .....                  (no boots)
Stlth    +.........             g - amulet of inaccuracy (curse)
HPRegen  0.09/turn              (no ring)
MPRegen  0.10/turn              (no ring)

@: lethally poisoned (0 -> -16)
A: unfitting armour, cold-blooded, AC +5
a: no special abilities


You were on level 2 of the Dungeon.
You visited 1 branch of the dungeon, and saw 2 of its levels.

You collected 95 gold pieces.

Inventory:

Missiles
 i - 2 javelins
Jewellery
 g - a cursed amulet of inaccuracy (around neck)
Scrolls
 d - a scroll of blinking


   Skills:
 - Level 1.1 Fighting
 - Level 1.8 Dodging
 + Level 4.3 Unarmed Combat
 - Level 2.0 Spellcasting
 + Level 2.5 Transmutations


You couldn't memorise any spells.
You knew the following spells:

 Your Spells              Type           Power        Failure   Level
a - Beastly Appendage     Tmut           14%          10%         1
b - Wereblood             Tmut           7%           14%         2
c - Spider Form           Tmut/Pois      2%           43%         3

Your spell library contained the following spells:

 Spells                   Type           Power        Failure   Level
 Ice Form                 Ice/Tmut       4%           85%         4
 Blade Hands              Tmut           3%           95%         5


Dungeon Overview and Level Annotations

Branches:
Dungeon (2/15)

Altars:


Innate Abilities, Weirdness & Mutations

Your plain brown scales are hard. (AC +5)
You cannot fit into any form of body armour.
You are cold-blooded and may be slowed by cold attacks.


Message History

You feel sick. The adder bites you.
* * * LOW HITPOINT WARNING * * *
You are more poisoned.
The adder poisons you! The adder bites you.
* * * LOW HITPOINT WARNING * * *
You are more poisoned.
The adder poisons you!
You hit the adder.
You kill the adder!
* * * LOW HITPOINT WARNING * * *
You feel sick.
You aren't carrying any potions.
Unknown command.
(D) Dungeon
Where to? (Enter - D:2, ? - help)
There is a lethal amount of poison in your body!
There is a lethal amount of poison in your body!
There is a lethal amount of poison in your body!
There is a lethal amount of poison in your body!
You die...

##...## #..#[# #.....#####
#..#.# ..........## ######
#..#.# ...........# #....#
#.##.# .#...#.##..###.##.##
#.##.# ......#.#..........#
##.##.#
.##).###..........÷###...#.#
.##.#.#.#......#..÷........#
.)..##.###.#####@#.###...###
.#####(# #.# #.........##
.†...... ..# #.........#
######...... ...##.######
###.........# ########


There were no monsters in sight!

Vanquished Creatures
  2 adders (D:2)
  2 dart slugs
  6 bats
  3 giant cockroaches (D:2)
  2 goblins (D:1)
  5 hobgoblins
  3 jackals
  4 kobolds
  2 frilled lizards
  5 rats
34 creatures vanquished.

Notes
Turn   | Place    | Note
-------+----------+-------------------------------------------
     0 | D:1      | Anon1729 the Draconian Transmuter began the quest for the
                  | Orb.
     0 | D:1      | Reached XP level 1. HP: 16/16 MP: 3/3
   354 | D:1      | Reached XP level 2. HP: 16/23 MP: 5/5
  1111 | D:2      | Reached skill level 4 in Unarmed Combat
  1252 | D:2      | Reached XP level 3. HP: 24/28 MP: 6/6
  1255 | D:2      | Learned a level 2 spell: Wereblood
  1259 | D:2      | Learned a level 3 spell: Spider Form
  1952 | D:2      | HP: 1/28 [poisoned by an adder]
  1953 | D:2      | Succumbed to an adder's poison

Illustrated notes

Levels and vault maps discovered:
D:1:      giann_bridges, layout_loops_ring
D:2:      minmay_chambers_of_ones, layout_loops_ring

Skill      XL: |  1  2 |
---------------+-------+-----
Unarmed Combat | 4 |  4.3
Fighting       | |  1.1
Dodging        | |  1.8
Spellcasting   | |  2.0
Transmutations | |  2.5

Action                   || total
-------------------------++-------
Melee: Unarmed           ||   220
       Tailslap          ||    12
 Cast: Beastly Appendage ||     3
  Use: Scroll            ||     5
       Potion            ||     3
Armor: Skin              ||    98
Dodge: Dodged            ||   201
